 Dungeon Crawl Stone Soup version 0.20-a0-9-g62d82d9 (webtiles) character file.

455 dobroeutro the Cudgeler (level 7, 0/39 HPs)
             Began as a Gargoyle Fighter on Nov 1, 2016.
             Slain by an ogre
             ... wielding a +0 giant club
              (15 damage)
             ... on level 4 of the Dungeon.
             The game lasted 00:05:48 (2903 turns).

dobroeutro the Cudgeler (Gargoyle Fighter)          Turns: 2903, Time: 00:05:48

Health: 0/39       AC: 13    Str: 20 (21) XL:     7   Next: 5%
Magic:  7/7        EV:  8    Int:  8      God:
Gold:   147        SH:  8    Dex:  7 (10) Spells: 0 memorised, 6 levels left

rFire  . . .     SeeInvis .     a - +0 flail
rCold  . . .     Gourm    .     b - +0 scale mail
rNeg   + . .     Faith    .     c - +0 shield
rPois  ∞         Spirit   .     A - +0 helmet
rElec  +         Reflect  .     (no cloak)
rCorr  .         Harm     .     (no gloves)
MR     +....                    (no boots)
Stlth  ..........               (no amulet)
                                (no ring)
                                h - ring of protection from magic

@: no status effects
A: talons 1, frail 1, negative energy resistance 1, electricity resistance,
unbreathing, petrification resistance, rot immunity, sturdy frame 1, AC +4
a: no special abilities


You were on level 4 of the Dungeon.
You were hungry.

You visited 1 branch of the dungeon, and saw 4 of its levels.

You collected 147 gold pieces.

Inventory:

Hand Weapons
 a - a +0 flail (weapon)
Armour
 b - a +0 scale mail (worn)
 c - a +0 shield (worn)
 A - a +0 helmet (worn)
Jewellery
 h - a ring of protection from magic (left hand)
Wands
 p - a wand of hasting (6/9)
 q - a wand of flame (36/48)
Scrolls
 e - a scroll of recharging
 g - 4 scrolls of identify
 j - a scroll of amnesia {unknown}
 m - 3 scrolls of remove curse
Potions
 d - a potion of might
 n - a potion of flight
 o - a potion of degeneration
Books
 y - a book of Necromancy

   Spells                             Type                      Level
   a - Pain                           Necromancy                   1
   b - Animate Skeleton               Necromancy                   1
   c - Vampiric Draining              Necromancy                   3
   d - Regeneration                   Charms/Necromancy            3
   e - Animate Dead                   Necromancy                   4
   f - Control Undead                 Necromancy                   4
Comestibles
 f - 2 bread rations
 i - a slice of pizza
 k - 2 meat rations
 l - 15 chunks of flesh
 w - 4 fruits


   Skills:
 + Level 4.5 Fighting
 * Level 4.8 Maces & Flails
 + Level 4.4 Armour
 + Level 2.7 Dodging
 - Level 3.2 Shields


You had 6 spell levels left.
You didn't know any spells.

Dungeon Overview and Level Annotations

Branches:
Dungeon (3/15)

Altars:

Annotations:
D:4 2 runed doors


Innate Abilities, Weirdness & Mutations

You are resistant to torment.
Your stone body is resilient. (AC +4)
You are immune to poison.
You resist negative energy. (rN+)
You are resistant to electric shocks. (rElec)
You can survive without breathing.
You are immune to petrification.
You are immune to rotting.
You have sharp toenails.
You are frail. (-10% HP)
Your movements are slightly less encumbered by armour. (ER -2)


Message History

You are feeling hungry.
You hit the ogre but do no damage. You claw the ogre.
The ogre is lightly wounded.
The orc hits you but does no damage.
The leopard gecko bites you but does no damage.
The orc hits you but does no damage. You block the ogre's attack.
You barely miss the ogre. You claw the ogre, but do no damage.
The ogre is lightly wounded.
The leopard gecko bites you but does no damage.
You block the orc's attack. The orc hits you but does no damage.
You block the leopard gecko's attack. The ogre hits you with a giant club!
The orc hits you with a whip.
You hit the ogre. You claw the ogre, but do no damage.
The ogre is moderately wounded.
You block the orc's attack. You block the leopard gecko's attack.
The orc hits you but does no damage.
You sock the ogre! Your kick misses the ogre.
The ogre is heavily wounded.
The ogre hits you with a giant club!
You die...

..##
#..######..#
.##
##........#
##
####.##### #
#.#
#†#####.#
##.......#
♣#♣?♣#♣#.###
#..O..#
♣..@..♣
#.olo...#
♣.....♣##
#.....#
♣.♣#♣#♣ #.
.. #..


You could see an ogre, 2 orcs and a leopard gecko.

Vanquished Creatures
  2 killer bees (D:3)
  Natasha (thrice) (D:2)
  2 worker ants (D:4)
  Terence (D:2)
  7 gnolls (D:2)
  7 adders
  3 worms
  2 dart slugs (D:2)
  5 leopard geckos
  3 orcs (D:4)
  4 giant cockroaches
  10 goblins
  3 hobgoblins (D:1)
  4 jackals (D:4)
  9 bats
  3 frilled lizards
  13 kobolds
  A leopard gecko skeleton (D:4)
  8 rats
90 creatures vanquished.

Notes
Turn   | Place    | Note
-------+----------+-------------------------------------------
     0 | D:1      | dobroeutro the Gargoyle Fighter began the quest for the Orb.
     0 | D:1      | Reached XP level 1. HP: 14/14 MP: 1/1
   138 | D:1      | Reached XP level 2. HP: 19/19 MP: 2/2
   236 | D:1      | Reached skill level 1 in Dodging
   297 | D:1      | Reached XP level 3. HP: 21/23 MP: 3/3
   585 | D:2      | Noticed Terence
   595 | D:2      | Killed Terence
   595 | D:2      | Reached XP level 4. HP: 28/28 MP: 4/4
   893 | D:2      | Noticed Natasha
   916 | D:2      | Killed Natasha
   986 | D:2      | Reached XP level 5. HP: 26/33 MP: 5/5
  1246 | D:2      | Noticed Natasha
  1256 | D:2      | Killed Natasha
  1256 | D:2      | Noticed Natasha
  1263 | D:2      | Killed Natasha
  1577 | D:2      | Reached XP level 6. HP: 20/38 MP: 6/6
  2282 | D:3      | HP: 1/38 [killer bee (1)]
  2284 | D:3      | Gained mutation: You are frail. (-10% HP) [potion of mutation]
  2284 | D:3      | Gained mutation: Your movements are slightly less encumbered by armour. (ER -2) [potion of mutation]
  2284 | D:3      | Gained mutation: You have sharp toenails. [potion of mutation]
  2339 | D:3      | You fall through a shaft!
  2826 | D:4      | Reached XP level 7. HP: 38/39 MP: 7/7
  2840 | D:4      | Found a large runed door.
  2840 | D:4      | Found a large runed door.
  2903 | D:4      | Slain by an ogre

Vault maps used:
D:1:      dpeg_arrival_stone_temple_mockup
D:2:      first_bread, uniq_natasha, uniq_terence
D:3:      uniq_crazy_yiuf_cottage
D:4:      serial_forest, infiniplex_forest_lined_4_way, infiniplex_forest_end_2,
          infiniplex_forest_clump_cross, infiniplex_forest_zigzag_1,
          infiniplex_forest_clump_long, infiniplex_forest_lined_room_2,
          infiniplex_forest_lined_3, infiniplex_forest_lined_ring,
          corexii_item_surrounded_by_moat, minmay_hollow_rounded_squares

Skill      XL: |  1  2  3  4  5 |
---------------+----------------+-----
Dodging        | 1 2 |  2.7
Maces & Flails | 3 4 |  4.8
Armour         | 4 |  4.4
Fighting       | 4 |  4.5
Shields        | |  3.2

Action                   |  1- 3 |  4- 6 |  7- 9 || total
-------------------------+-------+-------+-------++-------
Melee: Flail             |   152 |   259 |    30 ||   441
       Kick              |       |    12 |     9 ||    21
  Use: Scroll            |       |     9 |       ||     9
       Potion            |       |     5 |       ||     5
  Eat: Chunk             |       |     7 |       ||     7
Armor: Scale mail        |   102 |   129 |    22 ||   253
       Skin              |       |    41 |       ||    41
Dodge: Dodged            |    60 |   110 |    16 ||   186
Block: Shield            |    89 |   137 |    18 ||   244
